SAA
DURHAM RAPIERS @ YAKIMA HOPS
07/26/2028
 
TOP OF THE 1ST
Durham Rapiers batting - Pitching for Yakima Hops : LHP Israel Arant
Pitching: LHP Israel Arant
Batting: RHB Tomás Duarte 0-0: Fly out, F1 (Line Drive, 13)
Batting: RHB Tomás Costello 0-0: SINGLE (Groundball, 56D)
Batting: RHB Guillermo Mata 0-0: SINGLE (Line Drive, 8LS)
Tomás Costello to second
Batting: RHB Vincent Klein 0-0: Called Strike
0-1: Ball
1-1: Foul Ball, location: 2F
1-2: Strikes out swinging
Batting: LHB Alberto Garza 0-0: Foul Ball, location: 2F
0-1: Called Strike
0-2: Strikes out swinging
Top of the 1st over - 0 run(s), 2 hit(s), 0 error(s), 2 left on base; Durham 0 - Yakima 0
BOTTOM OF THE 1ST
Yakima Hops batting - Pitching for Durham Rapiers : RHP Darius Baxa
Pitching: RHP Darius Baxa
Batting: RHB Diego Rodríguez 0-0: Swinging Strike
0-1: Swinging Strike
0-2: Ground out 6-3 (Groundball, 6S)
Batting: LHB Pedro Tapia 0-0: Foul Ball, location: 2F
0-1: Swinging Strike
0-2: Ground out 1-3 (Groundball, 13)
Batting: LHB Bob Maher 0-0: Ground out 1-3 (Groundball, 13)
Bottom of the 1st over - 0 run(s), 0 hit(s), 0 error(s), 0 left on base; Durham 0 - Yakima 0
TOP OF THE 2ND
Durham Rapiers batting - Pitching for Yakima Hops : LHP Israel Arant
Batting: RHB Dave Sienna 0-0: Called Strike
0-1: Swinging Strike
0-2: Strikes out swinging
Batting: RHB António Díaz 0-0: Called Strike
0-1: Called Strike
0-2: Fly out, F9 (Flyball, 9D)
Batting: SHB Carlos Chávez 0-0: Called Strike
0-1: Foul Ball, location: 2F
0-2: Ball
1-2: Ball
2-2: SINGLE (Line Drive, 56D)
Batting: RHB Júlio Gonzáles 0-0: Foul Ball, location: 2F
0-1: Ball
1-1: Ball
2-1: Foul Ball, location: 2F
2-2: Ball
3-2: Ground out 1-3 (Groundball, 15)
Top of the 2nd over - 0 run(s), 1 hit(s), 0 error(s), 1 left on base; Durham 0 - Yakima 0
BOTTOM OF THE 2ND
Yakima Hops batting - Pitching for Durham Rapiers : RHP Darius Baxa
Batting: RHB Colin O'Connell 0-0: Fly out, F8 (Flyball, 89M)
Batting: RHB Xavier Gama 0-0: Ball
1-0: SINGLE (Line Drive, 89S)
Batting: SHB José Ángel 0-0: Called Strike
0-1: Foul Ball, location: 2F
0-2: Ball
Xavier Gama steals 2nd base
1-2: Ball
2-2: Strikes out swinging
Batting: RHB Luis Rodríguez 0-0: Fly out, F8 (Flyball, 8RM)
Bottom of the 2nd over - 0 run(s), 1 hit(s), 0 error(s), 1 left on base; Durham 0 - Yakima 0
TOP OF THE 3RD
Durham Rapiers batting - Pitching for Yakima Hops : LHP Israel Arant
Batting: RHB Tomás Duarte 0-0: Fly out, F3 (Popup, 34)
Batting: RHB Tomás Costello 0-0: Called Strike
0-1: Ball
1-1: Foul Ball, location: 2F
1-2: Ball
2-2: Ground out 1-3 (Groundball, 13)
Batting: RHB Guillermo Mata 0-0: Foul Ball, location: 2F
0-1: SINGLE (Line Drive, 8RS)
Batting: RHB Vincent Klein 0-0: Ball
1-0: Called Strike
1-1: Swinging Strike
1-2: Ground out 3-1 (Groundball, 34S)
Top of the 3rd over - 0 run(s), 1 hit(s), 0 error(s), 1 left on base; Durham 0 - Yakima 0
BOTTOM OF THE 3RD
Yakima Hops batting - Pitching for Durham Rapiers : RHP Darius Baxa
Batting: SHB Marlon Webster 0-0: Ball
1-0: Ball
2-0: Ball
3-0: Base on Balls
Batting: RHB Jud Regan 0-0: Called Strike
0-1: SINGLE (Line Drive, 56D)
Marlon Webster to second
Batting: RHB Diego Rodríguez 0-0: Called Strike
0-1: Ball
1-1: Called Strike
1-2: Ball
2-2: Ball
3-2: Foul Ball, location: 2F
3-2: SINGLE (Line Drive, 34D)
Marlon Webster to third
Jud Regan to second
Batting: LHB Pedro Tapia 0-0: Ball
1-0: Ball
2-0: Fly out, F7 (Line Drive, 7)
Runner from 3rd tags up, SCORES, throw made
Batting: LHB Bob Maher 0-0: Fly out, F9 (Flyball, 9)
Batting: RHB Colin O'Connell 0-0: Called Strike
0-1: Ball
1-1: SINGLE (Line Drive, 34D)
Jud Regan to third
Diego Rodríguez to second
Runner from 3rd tries for Home, SAFE, no throw
Batting: RHB Xavier Gama 0-0: Ball
1-0: Called Strike
Diego Rodríguez steals 3rd base
Colin O'Connell to second
1-1: DOUBLE (Flyball, 8RD)
Diego Rodríguez scores
Colin O'Connell scores
Batting: SHB José Ángel 0-0: Called Strike
0-1: Foul Ball, location: 2F
0-2: Ball
1-2: Ball
2-2: SINGLE (Groundball, 56D)
Xavier Gama to third
Runner from 3rd tries for Home, throw and OUT!
Bottom of the 3rd over - 4 run(s), 5 hit(s), 0 error(s), 1 left on base; Durham 0 - Yakima 4
TOP OF THE 4TH
Durham Rapiers batting - Pitching for Yakima Hops : LHP Israel Arant
Now in RF: Thom Reppond
Batting: LHB Alberto Garza 0-0: Called Strike
0-1: Ball
1-1: Swinging Strike
1-2: Fly out, F8 (Flyball, 8LM)
Batting: RHB Dave Sienna 0-0: Ball
1-0: Ground out 5-3 (Groundball, 56)
Batting: RHB António Díaz 0-0: Foul Ball, location: 2F
0-1: Foul Ball, location: 2F
0-2: Fly out, F9 (Line Drive, 9)
Top of the 4th over - 0 run(s), 0 hit(s), 0 error(s), 0 left on base; Durham 0 - Yakima 4
BOTTOM OF THE 4TH
Yakima Hops batting - Pitching for Durham Rapiers : RHP Darius Baxa
Batting: RHB Luis Rodríguez 0-0: Foul Ball, location: 2F
0-1: Fly out, F8 (Flyball, 8LM)
Batting: SHB Marlon Webster 0-0: Fly out, F4 (Popup, 4D)
Batting: RHB Jud Regan 0-0: Foul Ball, location: 2F
0-1: Foul Ball, location: 2F
0-2: Foul Ball, location: 2F
0-2: Fly out, F9 (Flyball, 9)
Bottom of the 4th over - 0 run(s), 0 hit(s), 0 error(s), 0 left on base; Durham 0 - Yakima 4
TOP OF THE 5TH
Durham Rapiers batting - Pitching for Yakima Hops : LHP Israel Arant
Batting: SHB Carlos Chávez 0-0: Ball
1-0: Called Strike
1-1: Ball
2-1: Ball
3-1: Foul Ball, location: 2F
3-2: Base on Balls
Batting: RHB Júlio Gonzáles 0-0: Ball
Carlos Chávez steals 2nd base
1-0: Ball
2-0: Ground out 3-1 (Groundball, 34S)
Carlos Chávez to third
Batting: RHB Tomás Duarte 0-0: Single, Error in OF, E9, batter to second base
Carlos Chávez scores
Batting: RHB Tomás Costello 0-0: Ball
1-0: SINGLE (Flyball, 89M)
Tomás Duarte to third
Runner from 3rd tries for Home, SAFE, no throw
Batting: RHB Guillermo Mata 0-0: Ball
1-0: Ball
2-0: Ball
3-0: Called Strike
3-1: Fly out, F8 (Line Drive, 78D)
Batting: RHB Vincent Klein 0-0: Ball
1-0: Ball
2-0: Ball
3-0: Called Strike
3-1: Fielders Choice at 2nd, 6-4 (Groundball, 6)
Top of the 5th over - 2 run(s), 2 hit(s), 1 error(s), 0 left on base; Durham 2 - Yakima 4
BOTTOM OF THE 5TH
Yakima Hops batting - Pitching for Durham Rapiers : RHP Darius Baxa
Batting: RHB Diego Rodríguez 0-0: Fly out, F8 (Flyball, 89M)
Batting: LHB Pedro Tapia 0-0: Called Strike
0-1: Ground out 4-3 (Groundball, 4)
Batting: LHB Bob Maher 0-0: Foul Ball, location: 2F
0-1: Ball
1-1: Swinging Strike
1-2: Ball
2-2: Ground out 2-3 (Groundball, 15S)
Bottom of the 5th over - 0 run(s), 0 hit(s), 0 error(s), 0 left on base; Durham 2 - Yakima 4
TOP OF THE 6TH
Durham Rapiers batting - Pitching for Yakima Hops : LHP Israel Arant
Batting: LHB Alberto Garza 0-0: Called Strike
0-1: Fly out, F2 (Popup, 5S)
Batting: RHB Dave Sienna 0-0: Called Strike
0-1: Called Strike
0-2: Fly out, F7 (Flyball, 7S)
Batting: RHB António Díaz 0-0: Ball
1-0: Ball
2-0: Ball
3-0: Base on Balls
Batting: SHB Carlos Chávez 0-0: Called Strike
0-1: Foul Ball, location: 2F
0-2: Ball
1-2: Foul Ball, location: 2F
1-2: Ball
2-2: Foul Ball, location: 2F
2-2: SINGLE (Groundball, 4MD)
António Díaz to second
Runner from 2nd tries for 3rd, SAFE, throw made to third
Pitching: RHP Chris Lynskey
Batting: RHB Júlio Gonzáles 0-0: Called Strike
0-1: Swinging Strike
0-2: Foul Ball, location: 2F
0-2: Strikes out looking
Top of the 6th over - 0 run(s), 1 hit(s), 0 error(s), 2 left on base; Durham 2 - Yakima 4
BOTTOM OF THE 6TH
Yakima Hops batting - Pitching for Durham Rapiers : RHP Darius Baxa
Batting: RHB Colin O'Connell 0-0: Ground out 4-3 (Groundball, 4MD)
Batting: RHB Thom Reppond 0-0: Ground out 5-3 (Groundball, 5)
Batting: SHB José Ángel 0-0: Called Strike
0-1: Swinging Strike
0-2: Fly out, F6 (Line Drive, 6M)
Bottom of the 6th over - 0 run(s), 0 hit(s), 0 error(s), 0 left on base; Durham 2 - Yakima 4
TOP OF THE 7TH
Durham Rapiers batting - Pitching for Yakima Hops : RHP Chris Lynskey
Batting: RHB Tomás Duarte 0-0: Ball
1-0: Ball
2-0: Foul Ball, location: 2F
2-1: Foul Ball, location: 2F
2-2: Ball
3-2: Strikes out swinging
Batting: RHB Tomás Costello 0-0: Ball
1-0: Ground out U3 (Groundball, 34)
Batting: RHB Guillermo Mata 0-0: Ball
1-0: Ground out 6-3 (Groundball, 6)
Top of the 7th over - 0 run(s), 0 hit(s), 0 error(s), 0 left on base; Durham 2 - Yakima 4
BOTTOM OF THE 7TH
Yakima Hops batting - Pitching for Durham Rapiers : RHP Darius Baxa
Batting: RHB Luis Rodríguez 0-0: Ball
1-0: Called Strike
1-1: Ball
2-1: Ball
3-1: Base on Balls
Batting: SHB Marlon Webster 0-0: Sac Bunt - play at first, batter OUT! 1-3
Luis Rodríguez to second
Batting: RHB Jud Regan 0-0: Called Strike
0-1: Swinging Strike
0-2: Ball
1-2: Fly out, F8 (Flyball, 89M)
Batting: RHB Diego Rodríguez 0-0: SINGLE (Groundball, 56D)
Luis Rodríguez to third
Runner from 3rd tries for Home, SAFE, no throw
Batting: LHB Pedro Tapia 0-0: Ball
Diego Rodríguez steals 2nd base
1-0: Ground out U3 (Groundball, 34)
Bottom of the 7th over - 1 run(s), 1 hit(s), 0 error(s), 1 left on base; Durham 2 - Yakima 5
TOP OF THE 8TH
Durham Rapiers batting - Pitching for Yakima Hops : RHP Chris Lynskey
Batting: RHB Vincent Klein 0-0: Ball
1-0: Ball
2-0: Ball
3-0: Called Strike
3-1: Called Strike
3-2: SINGLE (Line Drive, 6M)
Pitching: RHP Jesús Pineda
Batting: LHB Alberto Garza 0-0: Ball
1-0: Called Strike
1-1: Foul Ball, location: 2F
1-2: Strikes out looking
Batting: RHB Dave Sienna 0-0: Foul Ball, location: 2F
0-1: Swinging Strike
0-2: Strikes out swinging
Batting: RHB António Díaz 0-0: Foul Ball, location: 2F
0-1: Called Strike
0-2: Foul Ball, location: 2F
0-2: Fielders Choice at 2nd, 6-4 (Groundball, 6)
Top of the 8th over - 0 run(s), 1 hit(s), 0 error(s), 0 left on base; Durham 2 - Yakima 5
BOTTOM OF THE 8TH
Yakima Hops batting - Pitching for Durham Rapiers : RHP Darius Baxa
Batting: LHB Bob Maher 0-0: Foul Ball, location: 2F
0-1: Foul Ball, location: 2F
0-2: Foul Ball, location: 2F
0-2: Ball
1-2: SINGLE (Groundball, 34S) (infield hit)
Batting: RHB Colin O'Connell 0-0: Foul Ball, location: 2F
0-1: Fly out, F8 (Flyball, 8RM)
Batting: RHB Thom Reppond 0-0: Ball
1-0: Ball
2-0: Ball
Wild Pitch!
Bob Maher to second
3-0: Called Strike
3-1: Foul Ball, location: 2F
3-2: 2-RUN HOME RUN (Flyball, 89XD), Distance : 408 ft
Pitching: RHP Javier Hernández
Batting: SHB José Ángel 0-0: Ball
1-0: Ball
2-0: Ball
3-0: Base on Balls
Batting: RHB Luis Rodríguez 0-0: Called Strike
0-1: Ball
1-1: Fly out, F8 (Flyball, 8LM)
Batting: SHB Marlon Webster 0-0: Called Strike
José Ángel steals 2nd base
0-1: Ball
1-1: Foul Ball, location: 2F
1-2: Strikes out looking
Bottom of the 8th over - 2 run(s), 2 hit(s), 0 error(s), 1 left on base; Durham 2 - Yakima 7
TOP OF THE 9TH
Durham Rapiers batting - Pitching for Yakima Hops : RHP Jesús Pineda
Now at SS: Mario Salazar
Batting: SHB Carlos Chávez 0-0: Called Strike
0-1: Ball
1-1: Swinging Strike
1-2: Foul Ball, location: 2F
1-2: Ball
2-2: Ball
3-2: Foul Ball, location: 2F
3-2: Ground out 6-3 (Groundball, 6M)
Batting: RHB Júlio Gonzáles 0-0: Foul Ball, location: 2F
0-1: Ball
1-1: Foul Ball, location: 2F
1-2: Strikes out looking
Batting: RHB Tomás Duarte 0-0: Ball
1-0: Ball
2-0: Called Strike
2-1: Swinging Strike
2-2: Fly out, F7 (Flyball, 7D)
Top of the 9th over - 0 run(s), 0 hit(s), 0 error(s), 0 left on base; Durham 2 - Yakima 7
Friday, August 18th, 2017 - OOTP Baseball 17.12 Build 75